 Dungeon Crawl Stone Soup version 0.30.0-19-g36f170ea60 (webtiles) character file.

Game seed: 7012361711414732551

2725 CaptainMV the Magician (level 9, -4/68 HPs)
             Began as a Black Draconian Wanderer on May 30, 2023.
             Was a Priest of Vehumet.
             Slain by an orc warrior
             ... wielding a +0 war axe
              (12 damage)
             ... in a bailey.
             The game lasted 00:41:51 (3231 turns).

CaptainMV the Magician (Black Draconian Wanderer)   Turns: 3231, Time: 00:41:51

Health: -4/68      AC: 10    Str: 22    XL:     9   Next: 40%
Magic:  15/19      EV: 12    Int: 17    God:    Vehumet [***...]
Gold:   264        SH:  0    Dex:  9    Spells: 14/21 levels left

rFire   . . .        a - +2 mace
rCold   . . .        h - orb {*channel}
rNeg    . . .        (body armour unavailable)
rPois   .            y - +0 hat
rElec   +            e - +1 cloak
rCorr   .            (no gloves)
SInv    .            u - +0 pair of boots
Will    .....        i - amulet of regeneration
Stlth   ++           m - +6 ring of strength
HPRegen 1.11/turn    (no ring)
MPRegen 0.16/turn

%: channel magic (20%)
@: studying Poison Magic, invisible
A: breathe lightning, AC +7, unfitting armour, electricity resistance,
cold-blooded
a: Breathe Lightning, Renounce Religion


You were in a bailey.
You worshipped Vehumet.
Vehumet was most pleased with you.
You visited 1 branch of the dungeon, and saw 7 of its levels.
You also visited: Ossuary and Bailey.

You collected 264 gold pieces.

Inventory:

Hand Weapons
 a - a +2 mace (weapon)
 b - a +1 vampiric scythe
Missiles
 d - 3 boomerangs (quivered)
 f - 5 poisoned darts
Armour
 e - a +1 cloak (worn)
 h - an orb of energy (worn)
 u - a +0 pair of boots (worn)
 y - a +0 hat (worn)
Jewellery
 i - an amulet of regeneration (around neck)
 m - a +6 ring of strength (left hand)
 t - a ring of protection from cold
 A - an amulet of faith
Wands
 k - a wand of mindburst (13)
 x - a wand of roots (7)
Scrolls
 s - a scroll of teleportation
 v - a scroll of amnesia
Potions
 c - 2 potions of curing
 g - 3 potions of berserk rage
 j - 4 potions of haste
 l - a potion of might
 n - a potion of flight
 o - a potion of brilliance
 p - a potion of cancellation {unknown}
 q - a potion of resistance {unknown}
 r - a potion of invisibility
 w - a potion of attraction {unknown}
 z - 2 potions of degeneration {unknown}


   Skills:
 + Level 2.7 Fighting
 + Level 4.7 Maces & Flails
 + Level 3.3 Dodging
 + Level 3.0 Stealth
 + Level 6.9 Spellcasting
 + Level 5.7 Conjurations
 + Level 1.8 Transmutations
 + Level 5.8 Fire Magic
 + Level 0.3 Earth Magic
 + Level 2.4 Poison Magic
 + Level 0.5 Evocations


You had 14 spell levels left.
You knew the following spells:

 Your Spells              Type           Power      Damage    Failure   Level
a - Foxfire               Conj/Fire      100%       2x1d9     1%          1
b - Stone Arrow           Conj/Erth      32%        3d9       7%          3
c - Scorch                Fire           50%        2d7       1%          2
d - Sting                 Tmut/Pois      52%        1d5       14%         1

Your spell library contained the following spells:

 Spells                   Type           Power      Damage    Failure   Level
 Hailstorm                Conj/Ice       15%        3d5       7%          3
 Poisonous Vapours        Pois/Air       20%        N/A       7%          2
 Beastly Appendage        Tmut           24%        N/A       16%         1
 Olgreb's Toxic Radiance  Pois           14%        N/A       21%         4
 Wereblood                Tmut           12%        N/A       22%         2
 Spider Form              Tmut/Pois      13%        N/A       32%         3


Dungeon Overview and Level Annotations

Branches:
Dungeon (7/15)             Temple (0/1) D:4         Ossuary (visited)
 Bailey (1/1)

Altars:
Elyvilon
Okawaru
Vehumet
Yredelemnul
The Shining One

Shops:
D:1 ?((:   D:3 ([   D:4 =


Innate Abilities, Weirdness & Mutations

You can breathe wild blasts of lightning.
Your glossy black scales are hard. (AC +7)
You cannot fit into any form of body armour.
You are resistant to electric shocks. (rElec)
You are cold-blooded and may be slowed by cold attacks.


Message History

The orc warrior is moderately wounded.
The orc warrior closely misses you.
The orc warrior hits you with a +0 war axe.
You hit the orc warrior.
You tail-slap the orc warrior, but do no damage.
The orc warrior is heavily wounded.
The orc warrior hits you with a +0 war axe!
The orc warrior barely misses you.
The orc warrior hits you with a +0 war axe!
* * * LOW HITPOINT WARNING * * *
The orc warrior closely misses you.
Casting: Scorch (safe; 1% risk of failure)
Confirm with . or Enter, or press ? or * to list all spells.
Flames lash the orc warrior.
The orc warrior is moderately wounded.
The orc warrior's fire resistance burns away.
The orc warrior hits you with a +0 war axe.
* * * LOW HITPOINT WARNING * * *
The orc warrior misses you.
Casting: Scorch (safe; 1% risk of failure)
Confirm with . or Enter, or press ? or * to list all spells.
You conjure some foxfire!
The foxfire hits the orc warrior.
The orc warrior is moderately wounded.
The orc warrior hits you with a +0 war axe!
* * * LOW HITPOINT WARNING * * *
You feel much better.
The foxfire hits the orc warrior but does no damage.
The orc warrior is moderately wounded.
The orc warrior hits you with a +0 war axe!
You hit the orc warrior.
You tail-slap the orc warrior, but do no damage.
The orc warrior is heavily wounded.
The orc warrior is no longer more vulnerable to fire.
The orc warrior hits you with a +0 war axe!
* * * LOW HITPOINT WARNING * * *
The orc warrior hits you with a +0 war axe.
* * * LOW HITPOINT WARNING * * *
You fade into invisibility!
The orc warrior hits you with a +0 war axe!
You die...

≈≈≈≈≈≈≈ ≈≈≈≈≈≈≈
≈≈≈≈≈≈≈ ≈≈≈≈≈≈≈
≈≈≈≈≈≈≈ ≈≈≈≈≈≈≈
####~~~~~~~
#o@o.......
#+#..###############
#....'....)#)......#
#....#....)).8.8.8.#
#.##############...##
≈~. #..).. ≈≈≈~.
#..... ≈≈≈≈~. #####'
≈≈≈≈~. #....


You could see 2 orc warriors.

Vanquished Creatures
  Sigmund (D:5)
  A wraith (Ossuary)
  A wyvern (D:5)
  A yak (D:5)
  Menkaure (D:5)
  2 ice beasts (D:5)
  3 orc warriors
  An ogre (D:5)
  A sky beast (D:6)
  2 scorpions (D:4)
  4 wights (D:7)
  3 killer bees (D:7)
  3 howler monkeys
  3 jellies
  3 hounds
  2 orc priests (D:6)
  2 sleepcaps
  2 orc wizards (D:6)
  2 iguanas
  A mummy (Ossuary)
  9 gnolls
  6 adders
  An ufetubus (D:6)
  A worm (D:3)
  3 dart slugs
  15 orcs
  4 ball pythons
  4 bats (D:1)
  4 endoplasms
  2 giant cockroaches
  7 goblins
  12 hobgoblins
  4 quokkas
  2 frilled lizards
  5 gnoll skeletons (Ossuary)
  A goblin zombie (D:4)
  3 kobolds
  2 kobold skeletons (Ossuary)
  18 orc skeletons (Ossuary)
  A quokka zombie (D:4)
  3 rats
  3 foxfires
149 creatures vanquished.

Vanquished Creatures (collateral kills)
  A black bear (D:6)
  A jelly (D:6)
  A shadow imp (D:6)
  An orc (D:6)
  A ball python (D:4)
  3 foxfires (D:4)
8 creatures vanquished.

Vanquished Creatures (others)
  401 foxfires
401 creatures vanquished.

Grand Total: 558 creatures vanquished

Notes
Turn   | Place    | Note
-------+----------+-------------------------------------------
     0 | D:1      | CaptainMV the Draconian Wanderer began the quest for the
                  | Orb.
     0 | D:1      | CaptainMV set off with the following items: a +2 mace, a +0
                  | hat, a potion of heal wounds; and the following spell
                  | memorised: Foxfire; and the following spells available to
                  | memorise: Stone Arrow.
     0 | D:1      | Reached XP level 1. HP: 14/14 MP: 3/3
    36 | D:1      | Found Bualub's Book Shoppe.
    45 | D:1      | Found Huedd's Antique Weapon Boutique.
    88 | D:1      | Found Dyadiguk's Weapon Boutique.
   121 | D:1      | Reached XP level 2. HP: 18/20 MP: 1/5
   219 | D:1      | Found Ziptamar's Magic Scroll Boutique.
   633 | D:2      | Found a faded altar of an unknown god.
   672 | D:2      | You fall into a shaft and drop 1 floor!
   680 | D:3      | Reached skill level 1 in Fire Magic
   680 | D:3      | Reached XP level 3. HP: 26/26 MP: 0/6
   681 | D:3      | Found Onuiblef's Antique Armour Boutique.
   777 | D:3      | Found a white marble altar of Elyvilon.
   969 | D:3      | Found a basalt altar of Yredelemnul.
  1183 | D:3      | Found Wapayw's Weapon Boutique.
  1363 | D:3      | Reached XP level 4. HP: 30/34 MP: 7/7
  1427 | D:4      | Found a radiant altar of Vehumet.
  1440 | D:4      | Noticed a scorpion
  1442 | D:4      | Became a worshipper of Vehumet
  1458 | D:4      | Found a sand-covered staircase.
  1479 | Ossuary  | Entered an ossuary
  1479 | Ossuary  | Noticed a wraith
  1479 | Ossuary  | Noticed a wraith
  1479 | Ossuary  | Noticed a wraith
  1618 | Ossuary  | Reached * piety under Vehumet
  1618 | Ossuary  | Offered knowledge of Freeze by Vehumet.
  1629 | Ossuary  | Learned a level 3 spell: Stone Arrow
  1662 | Ossuary  | Noticed a wraith
  1701 | Ossuary  | HP: 1/34 [wraith (7)]
  1711 | Ossuary  | Killed a wraith
  1712 | Ossuary  | Reached skill level 1 in Fighting
  1712 | Ossuary  | Reached skill level 1 in Dodging
  1712 | Ossuary  | Reached skill level 3 in Spellcasting
  1712 | Ossuary  | Reached XP level 5. HP: 18/40 MP: 6/9
  1824 | D:4      | Reached XP level 6. HP: 43/47 MP: 5/10
  1834 | D:4      | Found Olaxkanu's Jewellery Boutique.
  2220 | D:4      | Found a staircase to the Ecumenical Temple.
  2260 | D:5      | Entered Level 5 of the Dungeon
  2260 | D:5      | Noticed an ice beast
  2266 | D:5      | Offered knowledge of Scorch by Vehumet.
  2278 | D:5      | Killed an ice beast
  2278 | D:5      | Reached ** piety under Vehumet
  2279 | D:5      | Your scales start taking on a glossy black colour.
  2279 | D:5      | Reached XP level 7. HP: 50/53 MP: 3/12
  2279 | D:5      | Gained mutation: You are resistant to electric shocks.
                  | (rElec) [Black Draconian growth]
  2288 | D:5      | Learned a level 2 spell: Scorch
  2292 | D:5      | Noticed a yak
  2310 | D:5      | Killed a yak
  2311 | D:5      | Reached skill level 4 in Spellcasting
  2318 | D:5      | Noticed a wyvern
  2328 | D:5      | Killed a wyvern
  2335 | D:5      | Reached skill level 5 in Conjurations
  2416 | D:5      | Learned a level 1 spell: Sting
  2439 | D:5      | Noticed Menkaure
  2450 | D:5      | Killed Menkaure
  2451 | D:5      | Reached XP level 8. HP: 61/61 MP: 8/15
  2584 | D:5      | Reached skill level 5 in Spellcasting
  2584 | D:5      | Reached skill level 1 in Poison Magic
  2603 | D:5      | Found a glowing golden altar of the Shining One.
  2607 | D:5      | Noticed Sigmund
  2622 | D:5      | Killed Sigmund
  2623 | D:5      | Reached skill level 1 in Transmutations
  2699 | D:6      | Offered knowledge of Mephitic Cloud by Vehumet.
  2831 | D:6      | Reached skill level 6 in Spellcasting
  2831 | D:6      | Reached skill level 5 in Fire Magic
  2857 | D:6      | Identified the +1 leather armour "Zonn" {Contam rF++ SInv}
  2871 | D:6      | Reached *** piety under Vehumet
  2884 | D:6      | Reached XP level 9. HP: 32/68 MP: 5/18
  2966 | D:6      | Found an iron altar of Okawaru.
  3075 | D:7      | Offered knowledge of Hailstorm by Vehumet.
  3120 | D:7      | Found a flagged portal.
  3131 | Bailey   | Entered a bailey
  3231 | Bailey   | Slain by an orc warrior

Illustrated notes

Levels and vault maps discovered:
D:1:      mainiacjoe_arrival_reflecting_pool, layout_basic, serial_shops, shop,
          shop, nicolae_shop_rolled_up, shop, shop, kennysheep_another_room
D:2:      layout_loops_ring, shapermc_ecumenical_altar_venn, uniq_terence
D:3:      layout_loops_corners, kennysheep_ying_yang, serial_shops,
          nicolae_lakefront_shop, nicolae_shop_trees
D:4:      layout_loops_ring, mainiacjoe_overflow_cross_hatched,
          minmay_temple_entry_junction, serial_shops, shop, enter_ossuary_4,
          hangedman_glass_teeth
D:5:      layout_loops_ring, kennysheep_mini, makhleb_altar_promises_db,
          tso_metal_star, minmay_manual_monolith, uniq_menkaure, uniq_sigmund
D:6:      layout_loops_ring, okawaru_gym_becter, st_stairs_2
D:7:      layout_basic, enter_bailey_2, kennysheep_path_1, wad_floor_pattern_2,
          uniq_duvessa
Bailey:   bailey_axe_of_yendor_kennysheep, bailey

Skill      XL: |  1  2  3  4  5  6  7  8  9 |
---------------+----------------------------+-----
Stealth        | 2 3 |  3.0
Fire Magic     | 1 2 3 4 5 |  5.8
Fighting       | 1 2 |  2.7
Dodging        | 1 2 3 |  3.3
Spellcasting   | 3 4 6 |  6.9
Conjurations   | 4 5 |  5.7
Maces & Flails | 4 |  4.7
Poison Magic   | 2 |  2.4
Transmutations | 1 |  1.8
Earth Magic    | |  0.3
Evocations     | |  0.5

Action                     |  1- 3 |  4- 6 |  7- 9 || total
---------------------------+-------+-------+-------++-------
  Melee: Mace              |    74 |    54 |    66 ||   194
         Tailslap          |     5 |     6 |    13 ||    24
   Cast: Foxfire           |    37 |    97 |    99 ||   233
         Scorch            |       |       |    27 ||    27
         Sting             |       |       |    19 ||    19
         Stone Arrow       |       |       |     6 ||     6
Ability: Breathe Lightning |       |       |     5 ||     5
  Evoke: Wand              |       |     3 |       ||     3
    Use: Scroll            |     2 |    10 |     7 ||    19
         Potion            |       |     1 |     4 ||     5
   Stab: Sleeping          |     1 |       |     1 ||     2
 Armour: Skin              |    50 |    56 |    66 ||   172
  Dodge: Dodged            |    90 |    63 |   139 ||   292
